 Dungeon Crawl Stone Soup version 0.31.0-9-g3a7656b989 (webtiles) character file.

Game seed: 4449717658803763197

989 Amplified the Trooper (level 7, -4/56 HPs)
             Began as a Mummy Hunter on Jan 25, 2024.
             Slain by an ogre
             ... wielding a +0 giant club
              (18 damage)
             ... on level 6 of the Dungeon.
             The game lasted 00:06:01 (3098 turns).

Amplified the Trooper (Mummy Hunter)                Turns: 3098, Time: 00:06:02

Health: -4/56      AC:  9    Str: 16    XL:     7   Next: 98%
Magic:  7/7        EV: 11    Int:  8    God:
Gold:   233        SH:  0    Dex: 16    Spells: 6/6 levels left

rFire   x . .        a - +2 shortbow (heavy)
rCold   + . .        (shield currently unavailable)
rNeg    + + +        d - +0 ring mail
rPois   ∞            g - +1 helmet
rElec   .            (no cloak)
rCorr   +            (no gloves)
SInv    .            n - +0 pair of boots
Will    .....        e - amulet of magic regeneration
Stlth   +            l - ring of resist corrosion
HPRegen 0.29/turn    o - +4 ring of slaying
MPRegen 0.50/turn

%: faith
@: no status effects
A: cold resistance 1, negative energy resistance 3, torment resistance 2, heat
vulnerability 1, in touch with death 1, no potions, faith
a: no special abilities


You were on level 6 of the Dungeon.
You visited 1 branch of the dungeon, and saw 7 of its levels.

You collected 233 gold pieces.

Inventory:

Hand Weapons
 a - a +2 heavy shortbow (weapon)
 h - a +0 flail of venom
Missiles
 j - 12 poisoned darts
Armour
 c - a +0 chain mail
 d - a +0 ring mail (worn)
 g - a +1 helmet (worn)
 i - a scarf of shadows
 n - a +0 pair of boots (worn)
Jewellery
 e - an amulet of magic regeneration (around neck)
 f - a ring of ice
 l - a ring of resist corrosion (left hand)
 o - a +4 ring of slaying (right hand)
Scrolls
 b - a scroll of butterflies
 k - a scroll of teleportation
 m - 2 scrolls of brand weapon


   Skills:
 * Level 5.5 Fighting
 * Level 1.6 Maces & Flails
 * Level 5.3 Ranged Weapons
 * Level 4.0 Armour
 - Level 1.5 Dodging
 - Level 0.7 Stealth


You had 6 spell levels left.
You didn't know any spells.
Your spell library was empty.

Dungeon Overview and Level Annotations

Branches:
Dungeon (7/15)
 Temple: D:4-7

Altars:
Qazlal

Annotations:
D:2 Terence
D:3 3 runed translucent doors, Sigmund; Tizio's ghost, amateur VSFi


Innate Abilities, Weirdness & Mutations

You are immune to poison.
Your flesh is cold resistant. (rC+)
You are immune to negative energy. (rN+++)
You are immune to unholy pain and torment.
You are vulnerable to heat. (rF-)
You are in touch with the powers of death.
You do not drink.
You have a special connection with the divine. (Faith)


Message History

You feel your willpower return.
A gnoll is nearby!
You shoot an arrow. The arrow hits the gnoll!
You kill the gnoll!
No target in view!
The orc wizard shouts!
You hear a shout! x2
You shoot an arrow. The arrow hits the orc wizard.
The orc wizard is moderately wounded.
The orc wizard casts a spell at you. The magic dart hits you.
An orc comes into view. It is wielding a +0 club.
The orc moves out of view.
You shoot an arrow. The arrow hits the orc wizard!
The orc wizard is almost dead.
The orc wizard casts a spell at you. The magic dart hits you.
You shoot an arrow. The arrow hits the orc wizard.
You kill the orc wizard!
You shoot an arrow. The arrow hits the orc.
The orc is almost dead.
You shoot an arrow. The arrow hits the orc!!
You kill the orc!
You shoot an arrow. The arrow barely misses the ogre.
You shoot an arrow. The arrow hits the ogre!
The ogre is heavily wounded.
The ogre hits you with a +0 giant club!!
You shoot an arrow. The arrow barely misses the ogre.
The ogre closely misses you.
You shoot an arrow. The arrow hits the ogre!
The ogre is severely wounded.
The ogre hits you with a +0 giant club!
* * * LOW HITPOINT WARNING * * *
Unknown command.
Okay, then.
Okay, then.
You aren't carrying any items that you can evoke.
Unknown command.
You shoot an arrow. The arrow barely misses the ogre.
The ogre hits you with a +0 giant club!!
You die...

###..# ##...##### #...##.#
###..###.....######.#.##.#
.....##.......#.......##.#
###.##..........###......#
#)###.......#.####..####
#)# ##.....##.##>...# #)#
##...###.##.#.##
###.######.## #......#
............###.@....#
g##.##.##......O....##
.#...#.##.#.##).#...#
g#..................#
....#.#...#)#..##<.##
..#.....#...#......#
#....#....#.......##
..#.....#...#.#####
....#.#.......#


You could see an ogre.

Vanquished Creatures
  A black bear (D:6)
  A centaur (D:7)
  A bullfrog (D:6)
  A gnoll sergeant (D:6)
  2 scorpions (D:4)
  5 wights
  A jelly (D:7)
  An orc priest (D:6)
  2 hounds
  A sleepcap (D:7)
  2 orc wizards (D:6)
  An iguana (D:6)
  Robin (D:2)
  3 gnolls (D:6)
  An adder zombie (D:3)
  3 dart slugs
  5 orcs
  4 endoplasms
  3 hobgoblins
  3 jackals (D:4)
  6 ball pythons
  5 bats
  A giant cockroach zombie (D:3)
  12 goblins
  6 kobolds
  A quokka skeleton (D:3)
  A quokka zombie (D:3)
  4 rats
78 creatures vanquished.

Notes
Turn   | Place    | Note
-------+----------+-------------------------------------------
     0 | D:1      | Amplified the Mummy Hunter began the quest for the Orb.
     0 | D:1      | Reached XP level 1. HP: 16/16 MP: 1/1
    81 | D:1      | Reached XP level 2. HP: 20/23 MP: 2/2
   288 | D:1      | Reached skill level 1 in Armour
   783 | D:2      | Noticed Robin
   800 | D:2      | Killed Robin
   801 | D:2      | Reached XP level 3. HP: 24/28 MP: 3/3
  1010 | D:2      | Noticed Terence
  1235 | D:3      | Found a stormy altar of Qazlal.
  1387 | D:3      | Noticed Tizio's ghost (amateur VSFi)
  1413 | D:3      | Found a runed translucent gate.
  1413 | D:3      | Found a runed translucent gate.
  1413 | D:3      | Found a runed translucent gate.
  1435 | D:3      | Reached XP level 4. HP: 35/35 MP: 4/4
  1468 | D:3      | Noticed Sigmund
  1650 | D:4      | Noticed a scorpion
  1654 | D:4      | Killed a scorpion
  1767 | D:4      | Noticed a scorpion
  1776 | D:4      | Killed a scorpion
  1777 | D:4      | Reached XP level 5. HP: 34/42 MP: 5/5
  2231 | D:5      | Entered Level 5 of the Dungeon
  2280 | D:5      | Reached XP level 6. HP: 48/48 MP: 6/6
  2575 | D:7      | Reached XP level 7. HP: 32/55 MP: 7/7
  2693 | D:6      | Reached skill level 5 in Fighting
  2724 | D:6      | Reached skill level 5 in Ranged Weapons
  2755 | D:6      | Reached skill level 1 in Maces & Flails
  3098 | D:6      | Slain by an ogre

Illustrated notes

Levels and vault maps discovered:
D:1:      elethiomel_arrival_shortcut, layout_rooms, serial_forest,
          infiniplex_forest_join, infiniplex_forest_clump_C,
          infiniplex_forest_clump_long, infiniplex_forest_clump_tiny,
          infiniplex_forest_lined_corner, infiniplex_forest_corner_2,
          infiniplex_forest_zigzag_2, minmay_tetromino_s2
D:2:      layout_rooms, uniq_robin, uniq_terence, uniq_crazy_yiuf_cottage
D:3:      layout_loops_corners, mainiacjoe_overflow_24_doors, serial_undead,
          serial_undead_e, serial_undead_e, serial_undead_c, serial_undead_d,
          serial_undead_a, serial_undead_a, gammafunk_ghost_icy, nicolae_titane,
          uniq_sigmund
D:4:      layout_basic
D:5:      layout_gridville, mainiacjoe_overflow_boulevard,
          minmay_temple_entry_drinking_statues, minmay_misc_feat_pillars
D:6:      layout_loops_cross, nicolae_kite_square_tiling_tiny, chequers_garden,
          chequers_serial_rivers_micro_b, nicolae_half_adder
D:7:      layout_loops_corners, mainiacjoe_overflow_big_doors,
          nicolae_elevator_lobby_plus

Skill      XL: |  1  2  3  4  5  6  7 |
---------------+----------------------+-----
Armour         | 1 2 3 4 |  4.0
Fighting       | 3 4 5 |  5.5
Ranged Weapons | 4 5 |  5.3
Maces & Flails | 1 |  1.6
Dodging        | |  1.5
Stealth        | |  0.7

Action                     |  1- 3 |  4- 6 |  7- 9 || total
---------------------------+-------+-------+-------++-------
   Fire: Shortbow          |   111 |    61 |    52 ||   224
    Use: Scroll            |     9 |     6 |     2 ||    17
 Armour: Leather armour    |    13 |       |       ||    13
         Ring mail         |     9 |    54 |    38 ||   101
  Dodge: Dodged            |    25 |    42 |    13 ||    80
